AoeStats
← CazadorGT

Arabia

505703896Analyzed
2v2 RM · 23d ago on Sep 10, 2026· 35m 54s· 4 players
Game mode
Random Map
Map size
Medium (4 player)
Population
200
Speed
Normal
Resources
Standard
Victory
Conquest
Starting age
Dark Age
Ending age
Imperial Age
RankedLock teamsTeams togetherTeam positionsShared explorationLock speedFull tech treeHidden civsTurbo modeCheats
Victory
Defeat
🇦🇷 Wei · Argentina
1095
+17
🇬🇹 Berbers · Guatemala
1066
+18
🇲🇽 Maya · Mexico
1120
-18
🇲🇽 Chinese · Mexico
1101
-17
The beast
4:23 Loom
9:24 Feudal Age
12:34 Double-Bit Axe
16:54 Fletching
17:57 Padded Archer Armor
24:04 Castle Age
23:20 Horse Collar
23:59 Gold Mining
24:03 Stone Mining
25:14 Wheelbarrow
24:25 Town Watch
24:42 Bodkin Arrow
25:03 Leather Archer Armor
26:50 Husbandry
28:09 Gold Shaft Mining
29:17 Bloodlines
30:02 Bow Saw
30:28 Hand Cart
32:15 Stone Shaft Mining
33:41 Ballistics
35:07 Scale Barding Armor
35:34 Forging
CazadorGT
7:03 Loom
9:59 Feudal Age
10:44 Double-Bit Axe
12:22 Forging
14:09 Horse Collar
20:19 Bloodlines
23:19 Castle Age
21:37 Gold Mining
24:14 Castle Age
24:22 Scale Barding Armor
24:17 Light Cavalry
25:33 Iron Casting
26:12 Husbandry
26:57 Chain Barding Armor
28:16 Wheelbarrow
31:00 Heavy Plow
31:11 Bow Saw
31:39 Gold Shaft Mining
31:31 Town Watch
35:18 Hand Cart
Dafixios
0:31 Loom
11:03 Feudal Age
21:33 Castle Age
30:50 Double-Bit Axe
Alexr_93
0:29 Loom
12:29 Feudal Age
26:11 Castle Age
26:26 Fletching
26:36 Pikeman
32:00 Elite Skirmisher
32:43 Padded Archer Armor
34:48 Bodkin Arrow
36:23 Leather Archer Armor
Connection lost

Rejoining the realm…

Still unreachable

The connection could not be restored.

Session expired

The server has moved on; the page needs a fresh start.